 Dungeon Crawl Stone Soup version 0.26.1-11-gd32895ea62 (webtiles) character file.

Game seed: 17534004832722401235

118 buriedalive the Chiller (level 4, -4/24 HPs)
             Began as a Deep Elf Ice Elementalist on June 29, 2021.
             Killed by nerve-wracking pain
             ... invoked by an orc priest
              (12 damage)
             ... on level 3 of the Dungeon.
             The game lasted 00:04:08 (2634 turns).

buriedalive the Chiller (Deep Elf Ice Elementalist) Turns: 2634, Time: 00:04:09

Health: -4/24      AC: 10    Str:  5    XL:     4   Next: 72%
Magic:  9/10       EV: 14    Int: 21    God:
Gold:   104        SH:  0    Dex: 15    Spells: 2/9 levels left

rFire    . . .     SeeInvis .   l - +0 short sword (protect)
rCold    . . .     Faith    .   (no shield)
rNeg     . . .     Spirit   .   a - +0 robe
rPois    .         Reflect  .   (no helmet)
rElec    .         Harm     .   k - +0 cloak (curse)
rCorr    .         Rampage  .   (no gloves)
Will     .....                  (no boots)
Stlth    ++........             (no amulet)
HPRegen  0.08/turn              (no ring)
MPRegen  0.12/turn              (no ring)

@: protection aura
A: no striking features
a: no special abilities


You were on level 3 of the Dungeon.
You visited 1 branch of the dungeon, and saw 3 of its levels.

You collected 104 gold pieces.

Inventory:

Hand Weapons
 l - a +0 short sword of protection (weapon)
Missiles
 d - 13 poisoned darts
 j - 28 stones
Armour
 a - a +0 robe (worn)
 k - a cursed +0 cloak (worn)
Jewellery
 o - an uncursed amulet of guardian spirit {unknown}
 x - an uncursed amulet of regeneration
Scrolls
 f - 5 scrolls of identify {unknown}
 g - a scroll of enchant armour {unknown}
 i - a scroll of blinking {unknown}
 n - a scroll of immolation {unknown}
 q - a scroll of amnesia {unknown}
 r - a scroll of remove curse {unknown}
 t - a scroll of fear {unknown}
Potions
 b - 2 potions of resistance {unknown}
 c - a potion of flight {unknown}
 e - a potion of might {unknown}
 h - a potion of curing {unknown}
 m - a potion of mutation {unknown}
 p - a potion of heal wounds {unknown}
 s - a potion of haste {unknown}
 u - a potion of ambrosia {unknown}
 v - a potion of berserk rage {unknown}
 w - a potion of magic {unknown}


   Skills:
 + Level 4.5 Dodging
 - Level 2.4 Stealth
 - Level 3.0 Spellcasting
 + Level 5.7 Ice Magic


You had 2 spell levels left.
You knew the following spells:

 Your Spells              Type           Power        Failure   Level
a - Freeze                Ice            100%         1%          1
b - Frozen Ramparts       Ice            54%          3%          3
c - Ozocubu's Armour      Ice            27%          3%          3

Your spell library contained the following spells:

 Spells                   Type           Power        Failure   Level
 Hailstorm                Conj/Ice       15%          38%         4
 Summon Ice Beast         Ice/Summ       15%          38%         4


Dungeon Overview and Level Annotations

Branches:
Dungeon (3/15)

Altars:


Message History

Magic restored.
An orc priest is nearby!
You closely miss the orc priest. The orc priest barely misses you.
The orc shouts!
You hit the orc priest but do no damage.
Your weapon exudes an aura of protection.
You hear a shout!
The orc priest hits you with a +0 flail!
Ouch! That really hurt!
Casting: Freeze (safe; 1% risk of failure)
Confirm with . or Enter, or press ? or * to list all spells.
Aiming: Freeze (safe; 1% risk of failure)
Press: ? - help, Shift-Dir - straight line, f - orc priest
Aim: an orc priest, wielding a +0 flail You freeze the orc priest!
The orc priest is severely wounded.
The orc priest calls down the wrath of Beogh upon you.
Pain shoots through your body!
Ouch! That really hurt!
You die... .######## ###.... ..# ##o.8.. .. #oo.o.o

..### #o...o. o...
#o.o... #..### ##
##..8.. ....# ...
###.... #o#.##.?.
.######### #@...>.#
.......... #)#...##
......####.
#.#...##.#
........... #.......<
..........#
##....###.
.......#### ##...#..#
.......# ###......##
......######....).#.#
......##.......#†.#.#


You could see an orc priest and an orc.

Vanquished Creatures
  Terence (D:3)
  A worker ant (D:3)
  An adder (D:3)
  An ooze (D:2)
  2 worms
  A dart slug (D:1)
  4 orcs (D:3)
  5 goblins
  10 hobgoblins
  3 kobolds
  7 bats
  A frilled lizard (D:2)
  7 rats
44 creatures vanquished.

Notes
Turn   | Place    | Note
-------+----------+-------------------------------------------
     0 | D:1      | buriedalive the Deep Elf Ice Elementalist began the quest
                  | for the Orb.
     0 | D:1      | Reached XP level 1. HP: 10/10 MP: 6/6
   540 | D:1      | Reached XP level 2. HP: 15/15 MP: 6/8
  1506 | D:2      | Reached skill level 5 in Ice Magic
  1506 | D:2      | Reached XP level 3. HP: 10/19 MP: 5/9
  1646 | D:2      | Learned a level 3 spell: Frozen Ramparts
  1650 | D:2      | Learned a level 3 spell: Ozocubu's Armour
  2423 | D:3      | Noticed Terence
  2427 | D:3      | Reached XP level 4. HP: 20/24 MP: 6/10
  2450 | D:3      | Killed Terence
  2634 | D:3      | Killed from afar by an orc priest

Illustrated notes

Levels and vault maps discovered:
D:1:      dpeg_arrival_stonehenge_12_columns, layout_basic,
          kennysheep_crisscross
D:2:      layout_basic
D:3:      cheibrodos_pilgrimage, layout_rooms, uniq_sigmund, uniq_terence

Skill      XL: |  1  2  3 |
---------------+----------+-----
Dodging        | 3 4 |  4.5
Ice Magic      | 5 |  5.7
Stealth        | |  2.4
Spellcasting   | |  3.0

Action                   |  1- 3 |  4- 6 || total
-------------------------+-------+-------++-------
Melee: Unarmed           |     9 |       ||     9
       Short sword       |    18 |    22 ||    40
 Cast: Freeze            |    44 |     9 ||    53
       Frozen Ramparts   |       |     2 ||     2
 Stab: Sleeping          |     3 |       ||     3
Armor: Robe              |    11 |     4 ||    15
Dodge: Dodged            |    54 |    23 ||    77
